 Dungeon Crawl Stone Soup version 0.30.0-10-gfe55d96785 (webtiles) character file.

Game seed: 8994264245735548340

6788 hawla the Arsonist (level 11, -1/92 HPs)
             Began as a Meteoran Fire Elementalist on May 15, 2023.
             Was an Initiate of Gozag.
             Slain by a six-headed hydra (2 damage)
             ... on level 2 of the Lair of Beasts.
             The game lasted 00:25:11 (4963 turns).

hawla the Arsonist (Meteoran Fire Elementalist)     Turns: 4963, Time: 00:25:12

Health: -1/92      AC:  8    Str: 15    XL:     11   Next: 49%
Magic:  17/25      EV: 15    Int: 25    God:    Gozag
Gold:   526        SH:  0    Dex: 20    Spells: 11/29 levels left

rFire   . . .        b - +6 dire flail
rCold   + . .        (shield currently unavailable)
rNeg    + . .        p - +0 robe of Indemnity {rCorr}
rPois   .            (no helmet)
rElec   .            (no cloak)
rCorr   +            u - +2 pair of gloves
SInv    .            e - +2 pair of boots
Will    ++...        y - amulet "Boreqal" {RegenMP rC+ rN+ Will+}
Stlth   +            m - +6 ring of strength
HPRegen 0.35/turn    t - +6 ring of dexterity
MPRegen 0.59/turn

%: clarity
@: glowing
A: sense surroundings 2, otherworldly, glowing, explore regen, clarity, clever
1, robust 1
a: Renounce Religion, Potion Petition, Call Merchant, Bribe Branch


You were on level 2 of the Lair of Beasts.
You worshipped Gozag.
Gozag was pleased with you.
You visited 3 branches of the dungeon, and saw 12 of its levels.
You also visited: Sewer and Bailey.

You collected 1280 gold pieces.
You spent 660 gold pieces at shops.
You paid 94 gold pieces to Gozag.

Inventory:

Hand Weapons
 b - a +6 dire flail (weapon)
Armour
 e - a +2 pair of boots (worn)
 p - the +0 robe of Indemnity (worn) {rCorr}
   (You found it on level 5 of the Dungeon)

   rCorr:     It protects you from acid and corrosion.
 u - a +2 pair of gloves (worn)
Magical Staves
 a - a staff of cold
 h - a staff of conjuration
Jewellery
 m - a +6 ring of strength (left hand)
 r - a ring of positive energy
 t - a +6 ring of dexterity (right hand)
 y - the amulet "Boreqal" (around neck) {RegenMP rC+ rN+ Will+}
   (You acquired it on level 9 of the Dungeon)

   [amulet of magic regeneration]

   It increases your rate of magic regeneration.
   rC:        It protects you from cold.
   rN:        It protects you from negative energy.
   Will:      It increases your willpower.
Scrolls
 c - 3 scrolls of identify
 l - a scroll of brand weapon {unknown}
 n - a scroll of amnesia
 o - 2 scrolls of teleportation {unknown}
 q - a scroll of poison {unknown}
 v - a scroll of fear
 C - a scroll of fog
Potions
 d - 2 potions of attraction
 f - 3 potions of degeneration
 g - 3 potions of curing
 i - 2 potions of might
 j - a potion of flight
 k - a potion of brilliance
 w - 2 potions of invisibility {unknown}
 z - a potion of haste {unknown}
 A - a potion of experience {unknown}
 B - a potion of heal wounds {unknown}


   Skills:
 - Level 4.0 Fighting
 - Level 5.4 Staves
 - Level 4.7 Dodging
 - Level 1.4 Stealth
 - Level 9.8 Spellcasting
 - Level 8.0 Conjurations
 - Level 10.7 Fire Magic
 - Level 3.0 Ice Magic
 + Level 6.1 Earth Magic
 - Level 3.5 Evocations


You had 11 spell levels left.
You knew the following spells:

 Your Spells              Type           Power      Damage    Failure   Level
a - Foxfire               Conj/Fire      100%       2x1d9     1%          1
b - Scorch                Fire           100%       2d9       1%          2
c - Flame Wave            Conj/Fire      56%        2d13      1%          4
d - Stone Arrow           Conj/Erth      94%        3d12      1%          3
e - Lehudib's Crystal Sp  Conj/Erth      23%        10d7      100%        8

Your spell library contained the following spells:

 Spells                   Type           Power      Damage    Failure   Level
 Magic Dart               Conj           100%       1d8       1%          1
 Searing Ray              Conj           100%       2d8       1%          2
 Inner Flame              Hex/Fire       39%        N/A       1%          3
 Volatile Blastmotes      Fire/Tloc      78%        2d16      1%          3
 Sticky Flame             Conj/Fire      56%        2d7       1%          4
 Fulminant Prism          Conj/Hex       16%        3d10      10%         4
 Animate Armour           Summ/Erth      54%        N/A       14%         4


Dungeon Overview and Level Annotations

Branches:
Dungeon (9/15) Zot: 1136   Temple (1/1) D:5 Zot: 379    Lair (2/5) D:9 Zot: 1084
  Sewer (visited)          Bailey (visited)
  Swamp: Lair:2-3    Shoals: Lair:2-3     Snake: Lair:2-3    Spider: Lair:2-3
    Orc: D:9-12

Altars:
Ashenzari
Cheibriados
Dithmenos
Elyvilon
Fedhas
Gozag
Hepliaklqana
Kikubaaqudgha
Makhleb
Nemelex Xobeh
Okawaru
Qazlal
Ru
Sif Muna
Uskayaw
Vehumet
Wu Jian
Xom
Yredelemnul
Zin
The Shining One

Shops:
D:2 *


Innate Abilities, Weirdness & Mutations

You passively map the area around you.
You are easily found by Zot.
You glow in the dark.
You regain HP and MP as you explore.
You possess an exceptional clarity of mind.
Your mind is acute. (Int +4, Str/Dex -1)
You are robust. (+10% HP)


Message History

The six-headed hydra barely misses you.
The six-headed hydra closely misses you.
The six-headed hydra misses you.
The six-headed hydra bites you but does no damage. x2
The six-headed hydra bites you.
Aiming: Mindburst
Press: ? - help, Shift-Dir - straight line, f/p - six-headed hydra
Aim: a six-headed hydra (severely wounded, chance to affect: 45%)
The six-headed hydra resists with some effort.
The now-empty wand crumbles to dust.
The six-headed hydra bites you. The six-headed hydra misses you.
The six-headed hydra barely misses you. The six-headed hydra bites you!
* * * LOW HITPOINT WARNING * * *
The six-headed hydra closely misses you.
The six-headed hydra bites you.
* * * LOW HITPOINT WARNING * * *
You feel better. The six-headed hydra bites you!
* * * LOW HITPOINT WARNING * * *
The six-headed hydra bites you!
* * * LOW HITPOINT WARNING * * *
The six-headed hydra closely misses you.
The six-headed hydra bites you.
* * * LOW HITPOINT WARNING * * *
The six-headed hydra closely misses you.
The six-headed hydra bites you!
* * * LOW HITPOINT WARNING * * *
Unknown command.
Casting: Stone Arrow (safe; 1% risk of failure)
Confirm with . or Enter, or press ? or * to list all spells.
Casting: Flame Wave (mildly dangerous; 1% risk of failure)
Press: ? - help, Dir - look around, f - activate A wave of flame ripples out!
The flame wave engulfs the six-headed hydra!
The six-headed hydra is severely wounded. (Press . to intensify the flame waves.)
You hear an angry hiss.
The six-headed hydra bites you but does no damage.
The six-headed hydra bites you.
You die...
Your body crumbles into a pile of gold.

* , , ,, , ,,,
* , , ,, ,, , ,
,, . * ,,,,, ,
, .. , , , **
,,..., * , *
.... , *,**##
*.....,, , ,
.#...####......
$,, ,
.......@D......
,,
..............#
* ,
....########.##
** *,,... * * *
#*, **


You could see a six-headed hydra.

Vanquished Creatures
  A two-headed ogre (D:8)
  2 orc knights (Bailey)
  A cane toad (Lair:1)
  A shadow (D:9)
  A wyvern (D:8)
  3 yaks (Lair:1)
  A vampire mosquito (D:8)
  6 water moccasins
  Duvessa (D:6)
  8 orc warriors
  Pargi (Sewer)
  5 black bears (D:9)
  An ogre (D:5)
  5 centaurs
  2 kobold brigands
  4 bullfrogs
  5 scorpions
  5 wights (D:6)
  Dowan (D:6)
  3 howler monkeys
  A hound (D:5)
  2 orc priests (D:3)
  3 sleepcaps
  4 jellies
  2 orc wizards (D:3)
  6 gnolls
  10 adders
  A shadow imp (D:5)
  48 orcs
  A ball python (D:3)
  6 endoplasms
  A giant cockroach (D:3)
  4 hobgoblins
  4 kobolds
  3 quokkas
  4 bats
  2 frilled lizards
  9 goblins
  4 rats
172 creatures vanquished.

Vanquished Creatures (collateral kills)
  2 foxfires (D:9)
2 creatures vanquished.

Vanquished Creatures (others)
  255 foxfires
255 creatures vanquished.

Grand Total: 429 creatures vanquished

Notes
Turn   | Place    | Note
-------+----------+-------------------------------------------
     0 | D:1      | hawla the Meteoran Fire Elementalist began the quest for
                  | the Orb.
     0 | D:1      | Reached XP level 1. HP: 14/14 MP: 5/5
   114 | D:1      | Reached XP level 2. HP: 20/20 MP: 4/6
   156 | D:2      | Learned a level 2 spell: Scorch
   163 | D:2      | Reached skill level 4 in Fire Magic
   210 | D:2      | Found Kiagixt's General Store.
   262 | D:2      | Reached XP level 3. HP: 26/26 MP: 4/8
   306 | D:3      | Noticed a centaur
   317 | D:3      | HP: 1/26 [centaur (2)]
   318 | D:3      | Killed a centaur
   319 | D:3      | Reached skill level 5 in Fire Magic
   319 | D:3      | Reached XP level 4. HP: 2/33 MP: 9/11
   319 | D:3      | Reached XP level 5. HP: 2/38 MP: 9/12
   326 | D:2      | Learned a level 4 spell: Flame Wave
   515 | D:3      | Reached XP level 6. HP: 27/45 MP: 6/13
   585 | D:3      | Found a glowing drain.
   600 | Sewer    | Entered a sewer
   633 | Sewer    | Reached skill level 5 in Conjurations
   633 | Sewer    | Reached XP level 7. HP: 51/51 MP: 6/14
   663 | Sewer    | Noticed Pargi
   667 | Sewer    | Killed Pargi
   762 | D:3      | Found a hide-covered altar of Uskayaw.
  1295 | D:4      | Reached skill level 1 in Fighting
  1295 | D:4      | Reached skill level 5 in Spellcasting
  1302 | D:4      | Found a white marble altar of Elyvilon.
  1849 | D:4      | Reached skill level 6 in Fire Magic
  2167 | D:5      | Entered Level 5 of the Dungeon
  2212 | D:5      | Learned a level 3 spell: Stone Arrow
  2311 | D:5      | Identified the +0 robe of Indemnity {rCorr}
  2322 | D:5      | Reached skill level 1 in Staves
  2322 | D:5      | Reached skill level 1 in Evocations
  2322 | D:5      | Reached XP level 8. HP: 59/59 MP: 10/16
  2603 | D:5      | Found a staircase to the Ecumenical Temple.
  2723 | Temple   | Entered the Ecumenical Temple
  2728 | Temple   | Gained mutation: Your mind is acute. (Int +4, Str/Dex -1)
                  | [potion of mutation]
  2728 | Temple   | Gained mutation: You are robust. (+10% HP) [potion of
                  | mutation]
  2728 | Temple   | Gained mutation: You possess an exceptional clarity of
                  | mind. [potion of mutation]
  2906 | Temple   | Became a worshipper of Gozag Ym Sagoz the Greedy
  3034 | D:6      | Reached skill level 1 in Ice Magic
  3116 | D:6      | Identified the +3 ring mail of Inevitability {rF+ rCorr
                  | Int+2}
  3133 | D:6      | Noticed Duvessa
  3133 | D:6      | Noticed Dowan
  3138 | D:6      | Killed Dowan
  3140 | D:6      | Killed Duvessa
  3141 | D:6      | Gained mutation: You passively map the area around you.
                  | [Meteoran growth]
  3141 | D:6      | Reached XP level 9. HP: 42/70 MP: 6/18
  3278 | D:6      | Reached skill level 7 in Fire Magic
  3481 | D:7      | You fall into a shaft and drop 1 floor!
  3552 | D:8      | Noticed a two-headed ogre
  3556 | D:8      | Reached skill level 8 in Fire Magic
  3559 | D:8      | Killed a two-headed ogre
  3560 | D:8      | Reached skill level 5 in Staves
  3560 | D:8      | Reached XP level 10. HP: 18/84 MP: 5/23
  3562 | D:8      | Reached skill level 9 in Fire Magic
  3793 | D:8      | Found a flagged portal.
  3799 | Bailey   | Entered a bailey
  3928 | Bailey   | Noticed an orc knight
  3941 | Bailey   | Killed an orc knight
  3948 | Bailey   | Noticed an orc knight
  3959 | Bailey   | Killed an orc knight
  3960 | Bailey   | Reached skill level 10 in Fire Magic
  3960 | Bailey   | Reached XP level 11. HP: 30/90 MP: 18/25
  4291 | D:2      | Bought a potion of curing for 36 gold pieces
  4291 | D:2      | Bought a scroll of acquirement for 624 gold pieces
  4658 | D:9      | Found a staircase to the Lair.
  4678 | D:9      | Learned a level 8 spell: Lehudib's Crystal Spear
  4685 | D:9      | Reached skill level 1 in Earth Magic
  4797 | D:9      | Acquired the amulet "Boreqal" {RegenMP rC+ rN+ Will+}
  4848 | Lair:1   | Entered Level 1 of the Lair of Beasts
  4934 | Lair:1   | Reached skill level 5 in Earth Magic
  4953 | Lair:2   | Noticed a six-headed hydra
  4962 | Lair:2   | HP: 1/92 [six-headed hydra (10)]
  4963 | Lair:2   | Slain by a six-headed hydra

Illustrated notes

Levels and vault maps discovered:
D:1:      dpeg_arrival_another_circle, layout_basic,
          ebering_ecumenical_altar_hall
D:2:      layout_loops_ring, serial_shops, shop
D:3:      layout_loops_ring, mainiacjoe_overflow_boulevard,
          cheibrodos_sewer_entry_drain
D:4:      layout_basic, mainiacjoe_overflow_brackets, serial_aquarium,
          aquarium_bridge_island_large [aquarium_subvault_large_water,
          aquarium_subvault_bridge, aquarium_subvault_bridge,
          aquarium_subvault_window, aquarium_subvault_window],
          aquarium_window_1, aquarium_window_corridor_2, aquarium_view_2b,
          aquarium_view_2d, aquarium_balcony_5b
D:5:      layout_loops_ring, minmay_temple_entry_wispy, nicolae_eternal_life,
          minmay_misc_feat_tower, hangedman_abyss_or_decor_jellyfish_corner
D:6:      layout_cave_pods, corexii_leaking_fountain, uniq_duvessa,
          uniq_eustachio
D:7:      layout_loops_cross, mainiacjoe_overflow_six_doors_small,
          hellmonk_guarded_unrand_hermit
D:8:      cheibrodos_barr_body, layout_gridville, enter_bailey_3, minivault_23
D:9:      layout_roguey, due_lair_maze_entry_diamond
Temple:   nicolae_temple_bog_church
Lair:1:   layout_layer_cave, hellmonk_ghost_happy_afterlife
Lair:2:   lemuel_reptile_caves, layout_gridlike, nicolae_shoals_entry_flooding,
          columned_hall_lemuel, chequers_serial_rivers_room_b,
          grunt_forest_large_clearings, uniq_nergalle

Skill      XL: |  1  2  3  4  5  6  7  8  9 10 11 |
---------------+----------------------------------+-----
Spellcasting   | 3 4 5 8 9 |  9.8
Fire Magic     | 4 5 6 8 10 | 10.7
Dodging        | 3 4 |  4.7
Conjurations   | 3 5 7 8 |  8.0
Fighting       | 1 3 4 |  4.0
Staves         | 1 4 5 |  5.4
Evocations     | 1 3 |  3.5
Ice Magic      | 3 |  3.0
Earth Magic    | 6 |  6.1
Stealth        | |  1.4

Action                     |  1- 3 |  4- 6 |  7- 9 | 10-12 || total
---------------------------+-------+-------+-------+-------++-------
  Melee: Unarmed           |     8 |     8 |     1 |       ||    17
         Staff             |       |       |    12 |    16 ||    28
         Punch             |       |       |     1 |       ||     1
         Dire flail        |       |       |       |     2 ||     2
   Cast: Foxfire           |    24 |    21 |    64 |    42 ||   151
         Scorch            |     4 |     6 |    37 |    33 ||    80
         Flame Wave        |       |     1 |    13 |    13 ||    27
         Stone Arrow       |       |       |     1 |    10 ||    11
  Evoke: Wand              |       |       |       |    13 ||    13
    Use: Scroll            |     1 |     4 |     8 |    12 ||    25
         Potion            |     1 |       |     1 |     8 ||    10
 Armour: Robe              |    10 |     5 |     9 |    16 ||    40
         Skin              |       |       |       |     4 ||     4
  Dodge: Dodged            |    16 |    14 |    38 |    47 ||   115
